 Dungeon Crawl Stone Soup version 0.28-a0-980-g3664467d6e (webtiles) character file.

Game seed: 10878985803269628199

772 Peloso the Slasher (level 7, -1/61 HPs)
             Began as a Minotaur Fighter on Dec 2, 2021.
             Slain by a vampire mosquito (2 damage)
             ... on level 5 of the Dungeon.
             The game lasted 00:06:55 (3389 turns).

Peloso the Slasher (Minotaur Fighter)               Turns: 3389, Time: 00:06:56

Health: -1/61      AC: 12    Str: 21    XL:     7   Next: 53%
Magic:  6/6        EV:  7    Int:  5    God:
Gold:   200        SH:  5    Dex: 11    Spells: 6/6 levels left

rFire   . . .      SeeInvis .   a - +0 long sword
rCold   . . .      Faith    .   c - +0 buckler
rNeg    . . .      Spirit   .   g - +0 plate armour
rPois   .          Reflect  .   (helmet restricted)
rElec   .          Harm     .   (no cloak)
rCorr   .          Rampage  .   (no gloves)
Will    .....                   (no boots)
Stlth   ..........              (no amulet)
HPRegen 0.20/turn               (no ring)
MPRegen 0.10/turn               (no ring)

@: mighty
A: horns 2, retaliatory headbutt
a: no special abilities


You were on level 5 of the Dungeon.
You visited 1 branch of the dungeon, and saw 5 of its levels.
You also visited: Ossuary.

You collected 200 gold pieces.

Inventory:

Hand Weapons
 a - a +0 long sword (weapon)
Missiles
 x - a throwing net (quivered)
Armour
 b - a +0 scale mail
 c - a +0 buckler (worn)
 g - a +0 plate armour (worn)
Jewellery
 f - a ring of protection from fire
Wands
 d - a wand of flame (13)
 z - a wand of polymorph (12)
Scrolls
 e - 2 scrolls of teleportation {unknown}
 j - a scroll of summoning
 k - a scroll of immolation {unknown}
 m - a scroll of noise {unknown}
 q - 2 scrolls of enchant weapon {unknown}
 r - a scroll of identify
 v - a scroll of blinking {unknown}
 w - a scroll of enchant armour {unknown}
 y - a scroll of holy word {unknown}
Potions
 h - a potion of brilliance
 l - a potion of berserk rage {unknown}
 n - a potion of heal wounds {unknown}
 o - a potion of resistance {unknown}
 p - a potion of curing {unknown}
 s - a potion of might
 t - a potion of mutation {unknown}
 u - a potion of flight {unknown}
 A - a potion of lignification {unknown}


   Skills:
 + Level 5.4 Fighting
 + Level 6.9 Long Blades
 + Level 6.4 Armour
 + Level 1.6 Dodging
 + Level 0.1 Stealth
 + Level 4.8 Shields


You had 6 spell levels left.
You didn't know any spells.
Your spell library contained the following spells:

 Spells                   Type           Power      Damage    Failure   Level
 Blink                    Tloc           0%         N/A       100%        2
 Ensorcelled Hibernation  Hex/Ice        0%         N/A       100%        2
 Passwall                 Tmut/Erth      0%         N/A       100%        2
 Lesser Beckoning         Tloc           0%         N/A       100%        3
 Spider Form              Tmut/Pois      0%         N/A       100%        3
 Swiftness                Air            0%         N/A       100%        3
 Manifold Assault         Tloc           0%         N/A       100%        5


Dungeon Overview and Level Annotations

Branches:
Dungeon (5/15)            Ossuary (visited)
 Temple: D:4-7

Altars:

Annotations:
D:3 Sigmund


Innate Abilities, Weirdness & Mutations

You have a pair of horns on your head.
You reflexively headbutt those who attack you in melee.


Message History

Okay, then.
Okay, then.
You are confused.
You feel invigorated.
The vampire mosquito closely misses you.
The vampire mosquito bites you.
* * * LOW HITPOINT WARNING * * *
The vampire mosquito draws strength from your injuries!
Unknown command.
Unknown command.
You bump into the rock wall.
The vampire mosquito bites you but does no damage.
The vampire mosquito barely misses you. The vampire mosquito bites you.
* * * LOW HITPOINT WARNING * * *
The vampire mosquito draws strength from your injuries!
Unknown command.
You bump into the rock wall.
You feel less invigorated.
You feel less confused.
The vampire mosquito bites you but does no damage.
You block the vampire mosquito's attack.
The vampire mosquito bites you.
* * * LOW HITPOINT WARNING * * *
The vampire mosquito draws strength from your injuries!
The vampire mosquito bites you.
* * * LOW HITPOINT WARNING * * *
The vampire mosquito draws strength from your injuries!
You slash the vampire mosquito! You headbutt the vampire mosquito.
The vampire mosquito is heavily damaged.
The vampire mosquito bites you but does no damage.
You block the vampire mosquito's attack. x2
The vampire mosquito barely misses you. You furiously retaliate!
You headbutt the vampire mosquito!
Unknown command.
You completely miss the vampire mosquito.
The vampire mosquito is severely damaged.
The vampire mosquito barely misses you. The vampire mosquito bites you.
* * * LOW HITPOINT WARNING * * *
The vampire mosquito draws strength from your injuries!
The vampire mosquito barely misses you. The vampire mosquito bites you.
You die...

#..# #..#
#..#### ##
##..#.. .
...#.# .#
#.#.## #.#
#....###?#
#<.#@y†.#
##..y###.#
##.## #..
#># #...
#.. ..##
#.## ..#
#.. ...
#.# ##.
#.#


You could see 2 vampire mosquitoes.

Vanquished Creatures
  2 vampire mosquitoes (D:5)
  An ogre (D:4)
  A gnoll shaman (D:4)
  A jelly (D:4)
  Jessica (D:2)
  Ijyb (D:3)
  12 mummies (Ossuary)
  2 adders
  8 gnolls (D:4)
  An adder skeleton (D:4)
  A worm (D:3)
  4 dart slugs
  5 bats
  6 endoplasms
  A giant cockroach (D:1)
  3 goblins
  5 hobgoblins
  4 jackals (D:3)
  4 quokkas (D:2)
  5 ball pythons
  2 frilled lizards
  2 gnoll skeletons (Ossuary)
  3 goblin skeletons (Ossuary)
  3 kobolds
  3 orc skeletons (Ossuary)
  5 rats
  11 rat skeletons (Ossuary)
97 creatures vanquished.

Notes
Turn   | Place    | Note
-------+----------+-------------------------------------------
     0 | D:1      | Peloso the Minotaur Fighter began the quest for the Orb.
     0 | D:1      | Reached XP level 1. HP: 19/19 MP: 0/0
   174 | D:1      | Reached XP level 2. HP: 27/27 MP: 1/1
   712 | D:2      | Noticed Jessica
   725 | D:2      | Killed Jessica
   726 | D:2      | Reached skill level 1 in Dodging
   726 | D:2      | Reached XP level 3. HP: 34/34 MP: 2/2
   896 | D:2      | Reached XP level 4. HP: 41/41 MP: 3/3
  1653 | D:3      | Noticed Ijyb
  1668 | D:3      | Killed Ijyb
  1886 | D:3      | Noticed Sigmund
  1992 | D:4      | Reached skill level 5 in Armour
  1995 | D:4      | Reached XP level 5. HP: 44/47 MP: 4/4
  2011 | D:4      | Identified the +0 ring mail of Happy Babbling {rF++ rN+++
                  | Dex-5}
  2056 | D:4      | Noticed an ogre
  2062 | D:4      | Killed an ogre
  2108 | D:4      | Found a sand-covered staircase.
  2115 | Ossuary  | Entered an ossuary
  2170 | Ossuary  | Reached XP level 6. HP: 48/55 MP: 5/5
  2483 | Ossuary  | Reached skill level 5 in Long Blades
  2836 | D:4      | Reached skill level 5 in Fighting
  2875 | D:4      | Reached XP level 7. HP: 33/61 MP: 6/6
  3345 | D:5      | Entered Level 5 of the Dungeon
  3352 | D:5      | Noticed a vampire mosquito
  3356 | D:5      | Noticed a vampire mosquito
  3360 | D:5      | Noticed a vampire mosquito
  3367 | D:5      | Killed a vampire mosquito
  3372 | D:5      | Noticed a vampire mosquito
  3375 | D:5      | Killed a vampire mosquito
  3383 | D:5      | HP: 2/61 [vampire mosquito (3)]
  3389 | D:5      | HP: 1/61 [vampire mosquito (4)]
  3389 | D:5      | Slain by a vampire mosquito

Illustrated notes

Levels and vault maps discovered:
D:1:      dpeg_arrival_arbitrary_a, layout_loops_cross, serial_glass,
          glass_columns_b, glass_columns_b
D:2:      layout_basic, uniq_jessica
D:3:      layout_loops_ring, uniq_sigmund, uniq_ijyb
D:4:      layout_loops_ring, nicolae_ossuary_entry_monument
D:5:      layout_loops_ring, overflow_temple_1_default,
          lemuel_coloured_pillars_altar, general_overflow_altar,
          minmay_temple_entry_ruins, grunt_ministairs_3

Skill      XL: |  1  2  3  4  5  6  7 |
---------------+----------------------+-----
Fighting       | 4 5 |  5.4
Dodging        | 1 |  1.6
Long Blades    | 3 4 6 |  6.9
Armour         | 4 5 6 |  6.4
Shields        | 4 |  4.8
Stealth        | |  0.1

Action                   |  1- 3 |  4- 6 |  7- 9 || total
-------------------------+-------+-------+-------++-------
Melee: Long sword        |    58 |   175 |    31 ||   264
       Headbutt          |    10 |    39 |     7 ||    56
  Use: Scroll            |       |     4 |       ||     4
       Potion            |       |     1 |     2 ||     3
Armor: Scale mail        |    16 |       |       ||    16
       Plate armour      |    17 |    76 |    18 ||   111
Dodge: Dodged            |    24 |    46 |    15 ||    85
Block: Buckler           |    20 |    24 |    20 ||    64

Table legend: (Time is in decaauts)
 A = Elapsed time spent in this place.
 B = Non-inter-level travel time spent in this place.
 C = Inter-level travel time spent in this place.
 D = Time resting spent in this place.
 E = Time spent auto-exploring this place.
 F = Levels seen in this place.
 G = Mean time per level.
                   A        B        C        D        E       F      G
               +--------+--------+--------+--------+--------+-----+--------+
         Total |   3438 |   3365 |     73 |      0 |   2451 |   6 |  573.0 |
       Dungeon |   2795 |   2722 |     73 |      0 |   2017 |   5 |  559.0 |
       Ossuary |    643 |    643 |      0 |      0 |    434 |   1 |  643.0 |
               +--------+--------+--------+--------+--------+-----+--------+

Top non-repeatable levels by time:
     D:4: 813 daAuts
     D:2: 757 daAuts
     D:1: 716 daAuts
 Ossuary: 643 daAuts
     D:3: 462 daAuts
     D:5: 45 daAuts
